 Dungeon Crawl Stone Soup version 0.31-a0-1388-g4b2ba238e7 (webtiles) character file.

Game seed: 7973252983939028012

408 wildpjah the Sneak (level 6, 0/46 HPs)
             Began as a Demonspawn Gladiator on Dec 24, 2023.
             Was an Initiate of Dithmenos.
             Splashed by a jelly's acid (7 damage)
             ... on level 5 of the Dungeon.
             The game lasted 00:05:45 (3771 turns).

wildpjah the Sneak (Demonspawn Gladiator)           Turns: 3771, Time: 00:05:45

Health: 0/46       AC: -5    Str: 14    XL:     6   Next: 57%
Magic:  6/6        EV: 13    Int: 10    God:    Dithmenos [......]
Gold:   202        SH:  0    Dex: 17    Spells: 5/5 levels left

rFire   . . .        j - +1 dagger (venom)
rCold   . . .        (no shield)
rNeg    . . .        b - +0 leather armour
rPois   .            c - +0 helmet
rElec   .            q - +0 cloak
rCorr   .            m - +0 pair of gloves
SInv    .            (no boots)
Will    .....        (no amulet)
Stlth   +++          (no ring)
HPRegen 0.27/turn    (no ring)
MPRegen 0.10/turn

%: no passive effects
@: corroded
A: hooves 2, thin skeletal structure 1, spiny 2
a: Renounce Religion


You were on level 5 of the Dungeon.
You worshipped Dithmenos.
Dithmenos was noncommittal.
You visited 2 branches of the dungeon, and saw 6 of its levels.

You collected 202 gold pieces.

Inventory:

Hand Weapons
 a - a +0 long sword
 h - a +0 dagger
 j - a +1 dagger of venom (weapon)
 A - a +0 rapier of freezing
Missiles
 d - 3 throwing nets
 e - a javelin
 f - 5 boomerangs (quivered)
Armour
 b - a +0 leather armour (worn)
 c - a +0 helmet (worn)
 m - a +0 pair of gloves (worn)
 o - an orb of mayhem
 q - a +0 cloak (worn)
Jewellery
 w - an amulet of magic regeneration
 x - an amulet of guardian spirit
Wands
 r - a wand of flame (7)
Scrolls
 g - a scroll of amnesia {unknown}
 i - 2 scrolls of teleportation {unknown}
 k - 6 scrolls of identify {unknown}
 s - a scroll of poison {unknown}
 u - a scroll of enchant weapon {unknown}
 y - a scroll of noise {unknown}
 C - a scroll of silence {unknown}
 D - 2 scrolls of brand weapon {unknown}
Potions
 l - a potion of ambrosia {unknown}
 n - 2 potions of degeneration {unknown}
 p - 2 potions of mutation {unknown}
 t - a potion of heal wounds {unknown}
 v - 3 potions of might {unknown}
 z - a potion of berserk rage {unknown}
 B - a potion of curing {unknown}


   Skills:
 + Level 2.8 Fighting
 + Level 2.3(3.3) Short Blades
 + Level 3.4(3.9) Long Blades
 + Level 1.8 Throwing
 + Level 2.0 Armour
 + Level 3.2 Dodging
 * Level 3.8 Stealth


You had 5 spell levels left.
You didn't know any spells.
Your spell library contained the following spells:

 Spells                   Type           Power      Damage    Failure   Level
 Kiss of Death            Conj/Necr      0%         2d5       43%         1
 Magic Dart               Conj           0%         1d3       43%         1
 Lesser Beckoning         Tloc           0%         N/A       56%         2
 Searing Ray              Conj           0%         2d4       56%         2
 Confusing Touch          Hex            0%         N/A       80%         3
 Gell's Gravitas          Tloc           0%         N/A       80%         3
 Teleport Other           Tloc           0%         N/A       80%         3
 Dispel Undead            Necr           0%         3d6       99%         4
 Fulminant Prism          Conj/Alch      0%         3d5       99%         4
 Dispersal                Tloc           0%         N/A       100%        6


Dungeon Overview and Level Annotations

Branches:
Dungeon (5/15)             Temple (1/1) D:4

Altars:
Dithmenos
Fedhas
Gozag
Hepliaklqana
Nemelex Xobeh
Okawaru
Qazlal
Ru
Trog
Uskayaw
Vehumet
Yredelemnul

Shops:
D:2 (


Innate Abilities, Weirdness & Mutations

You have hoof-like feet.
You have a somewhat thin skeletal structure. (Dex +2, Stealth+)
You are mostly covered in sharp spines.


Message History

You hit Edmund.
Edmund looks as sick as possible!
You kick Edmund.
Edmund is severely wounded.
Edmund closely misses you.
You hit Edmund but do no damage.
Edmund looks as sick as possible!
Your kick misses Edmund.
Edmund is almost dead.
The jelly quivers.
You hit Edmund but do no damage.
Edmund looks as sick as possible!
Edmund is almost dead.
Edmund hits you with a +2 flail of protection!
You hit Edmund but do no damage.
Edmund looks as sick as possible!
Your kick misses Edmund.
Edmund is almost dead.
The jelly hits you but does no damage.
Edmund hits you with a +2 flail of protection.
You hit Edmund but do no damage. You kick Edmund, but do no damage.
Edmund is almost dead.
The jelly hits you but does no damage.
Edmund hits you with a +2 flail of protection.
You hit Edmund but do no damage.
Edmund looks as sick as possible!
You kick Edmund, but do no damage.
Edmund is almost dead.
You kill Edmund!
Dithmenos accepts your kill. The jelly is struck by your spines.
The jelly hits you. The acid corrodes you!
You are splashed with acid.
Your Armour skill increases to level 2!
You hit the jelly.
The jelly is poisoned.
The acid corrodes you!
Your hands burn!
The jelly is heavily wounded.
The jelly hits you.
You are splashed with acid!
You hit the jelly but do no damage.
The jelly looks as sick as possible!
Your hands burn!
* * * LOW HITPOINT WARNING * * *
Your kick misses the jelly.
The jelly is heavily wounded.
The jelly hits you.
* * * LOW HITPOINT WARNING * * *
The acid corrodes you!
You are splashed with acid!
You die...

#.. ##.#
...# #..#
#..# #..#
#..#####.#
#<@)......
#...J.......
#.#.######..
#.#.# # #.#
..# ..# ..##


You could see a jelly (extremely poisoned).

Vanquished Creatures
  Edmund (D:5)
  An ogre (D:4)
  A phantom (D:4)
  4 adders
  3 worms
  7 dart slugs
  5 orcs
  10 ball pythons
  3 bats
  3 endoplasms
  3 giant cockroaches
  7 hobgoblins
  7 kobolds
  4 quokkas
  4 frilled lizards
  11 goblins
  5 rats
79 creatures vanquished.

Notes
Turn   | Place    | Note
-------+----------+-------------------------------------------
     0 | D:1      | wildpjah the Demonspawn Gladiator began the quest for the
                  | Orb.
     0 | D:1      | Reached XP level 1. HP: 16/16 MP: 1/1
   183 | D:1      | Gained mutation: You have a somewhat thin skeletal
                  | structure. (Dex +2, Stealth+) [demonic ancestry]
   183 | D:1      | Reached XP level 2. HP: 17/22 MP: 2/2
   716 | D:1      | Gained mutation: You have large cloven feet. [demonic
                  | ancestry]
   716 | D:1      | Reached XP level 3. HP: 27/28 MP: 3/3
  1577 | D:2      | Reached skill level 1 in Stealth
  1758 | D:2      | Gained mutation: You are partially covered in sharp spines.
                  | [demonic ancestry]
  1758 | D:2      | Reached XP level 4. HP: 34/34 MP: 4/4
  1785 | D:2      | Found Gionewki's Weapon Emporium.
  2314 | D:3      | Found a faded altar of an unknown god.
  2403 | D:3      | Found a shadowy altar of Dithmenos.
  2408 | D:3      | Became a worshipper of Dithmenos the Shadowed
  2650 | D:4      | Noticed an ogre
  2654 | D:4      | Killed an ogre
  2655 | D:4      | Reached skill level 1 in Short Blades
  2655 | D:4      | Reached skill level 1 in Armour
  2655 | D:4      | Gained mutation: You have hoof-like feet. [demonic
                  | ancestry]
  2655 | D:4      | Reached XP level 5. HP: 28/39 MP: 5/5
  2753 | D:4      | Noticed a phantom
  2769 | D:4      | Killed a phantom
  2770 | D:4      | Gained mutation: You are mostly covered in sharp spines.
                  | [demonic ancestry]
  2770 | D:4      | Reached XP level 6. HP: 36/46 MP: 6/6
  2898 | D:4      | Found a staircase to the Ecumenical Temple.
  2910 | Temple   | Entered the Ecumenical Temple
  3760 | D:5      | Entered Level 5 of the Dungeon
  3760 | D:5      | Noticed Edmund
  3769 | D:5      | Killed Edmund
  3771 | D:5      | Splashed by a jelly's acid

Illustrated notes

Levels and vault maps discovered:
D:1:      matt_arrival_spirals, layout_loops_corners
D:2:      layout_basic, serial_shops, shop, hex_large
D:3:      layout_rooms, overflow_temple_1_default,
          shapermc_ecumenical_altar_acropolis, grunt_ministairs_10
D:4:      layout_basic, minmay_temple_entry_overgrown, minmay_misc_feat_iff
D:5:      layout_loops_ring, mainiacjoe_overflow_alcove_2, serial_shops, shop,
          uniq_pikel, uniq_edmund
Temple:   nicolae_temple_bog_church

Skill      XL: |  1  2  3  4  5  6 |
---------------+-------------------+-----
Long Blades    | 3 |  3.4
Dodging        | 3 |  3.2
Stealth        | 1 2 3 |  3.8
Short Blades   | 1 2 |  2.3
Armour         | 1 2 |  2.0
Fighting       | |  2.8
Throwing       | |  1.8

Action                     |  1- 3 |  4- 6 || total
---------------------------+-------+-------++-------
  Melee: Long sword        |    59 |       ||    59
         Dagger            |    42 |    76 ||   118
         Kick              |    10 |    23 ||    33
         Rapier            |       |     1 ||     1
  Throw: Javelin           |       |     1 ||     1
         Boomerang         |       |     1 ||     1
   Stab: Sleeping          |     8 |     8 ||    16
 Armour: Leather armour    |    40 |    26 ||    66
  Dodge: Dodged            |    54 |    22 ||    76

Table legend: (Time is in decaauts)
 A = Elapsed time spent in this place.
 B = Non-inter-level travel time spent in this place.
 C = Inter-level travel time spent in this place.
 D = Time resting spent in this place.
 E = Time spent auto-exploring this place.
 F = Levels seen in this place.
 G = Mean time per level.
                   A        B        C        D        E       F      G
               +--------+--------+--------+--------+--------+-----+--------+
         Total |   3764 |   3631 |    133 |      0 |   3057 |   6 |  627.3 |
       Dungeon |   3762 |   3629 |    133 |      0 |   3057 |   5 |  752.4 |
        Temple |      1 |      1 |      0 |      0 |      0 |   1 |    1.0 |
               +--------+--------+--------+--------+--------+-----+--------+

Top non-repeatable levels by time:
     D:4: 1149 daAuts
     D:1: 1124 daAuts
     D:2: 1069 daAuts
     D:3: 411 daAuts
     D:5: 9 daAuts
  Temple: 1 daAuts
